AA - U28
NORTHWEST ARKANSAS NATURALS @ FRISCO ROUGHRIDERS
05/21/2052
 
TOP OF THE 1ST
Frisco RoughRiders batting - Pitching for Corpus Christi Hooks : RHP Julius Mueller
Pitching: RHP Julius Mueller
Batting: RHB Adrián Suárez 0-0: Swinging Strike
0-1: Foul Ball, location: 2F
0-2: Strikes out swinging
Batting: RHB Colten Chadwick 0-0: Ball
1-0: Called Strike
1-1: SINGLE (Groundball, 6MD, EV 105.0 MPH)
Batting: RHB Kaiden Thayer 0-0: 2-RUN HOME RUN (Flyball, 9D, EV 100.6 MPH), Distance : 375 ft
Batting: SHB Félix Colon 0-0: Foul Ball, location: 23F
0-1: Hit by Pitch
Batting: RHB Logan Moceri 0-0: Ball
1-0: Foul Ball, location: 2F
1-1: Fielders Choice at 2nd, 6-4 (Groundball, 6, EV 78.1 MPH)
Batting: LHB Hui-Seong Yeo 0-0: Fly out, F9 (Flyball, 9, EV 96.3 MPH)
Top of the 1st over - 2 runs, 2 hits, 0 errors, 1 left on base; Frisco 2 - Corpus Christi 0
BOTTOM OF THE 1ST
Corpus Christi Hooks batting - Pitching for Frisco RoughRiders : RHP Takateru Sawai
Pitching: RHP Takateru Sawai
Batting: RHB Josh Shealy 0-0: Called Strike
0-1: Ball
1-1: Ball
2-1: Ball
3-1: Foul Ball, location: 2F
3-2: Strikes out looking
Batting: RHB Grump Fitzpatrick 0-0: Ball
1-0: Swinging Strike
1-1: Ground out 6-3 (Groundball, 6, EV 103.8 MPH)
Batting: RHB Brandon Talty 0-0: Fly out, F4 (Line Drive, 4, EV 65.6 MPH)
Bottom of the 1st over - 0 runs, 0 hits, 0 errors, 0 left on base; Frisco 2 - Corpus Christi 0
TOP OF THE 2ND
Frisco RoughRiders batting - Pitching for Corpus Christi Hooks : RHP Julius Mueller
Batting: LHB Diego Roldan 0-0: Ball
1-0: Ball
2-0: Ball
3-0: Called Strike
3-1: Base on Balls
Batting: SHB Nick Gargano 0-0: Foul Ball, location: 5F
0-1: Swinging Strike
0-2: SINGLE (Line Drive, 4MD, EV 96.3 MPH)
Diego Roldan to second
Batting: RHB Andy Paredese 0-0: Called Strike
0-1: Bunt missed!
0-2: Ball
1-2: Grounds into double play, 4-6-3 (Groundball, 4, EV 100.0 MPH)
Diego Roldan to third
Batting: RHB Adrián Suárez 0-0: Ball
1-0: Ball
2-0: Ball
3-0: Base on Balls
Batting: RHB Colten Chadwick 0-0: Called Strike
0-1: Foul Ball, location: 5DF
0-2: Foul Ball, location: 2F
0-2: Ball
1-2: Foul Ball, location: 23FF
1-2: Foul Ball, location: 2F
1-2: Ball
2-2: Ball
3-2: Fly out, F8 (Line Drive, 8RS, EV 98.8 MPH)
Top of the 2nd over - 0 runs, 1 hit, 0 errors, 2 left on base; Frisco 2 - Corpus Christi 0
BOTTOM OF THE 2ND
Corpus Christi Hooks batting - Pitching for Frisco RoughRiders : RHP Takateru Sawai
Batting: SHB Curt McElwee 0-0: Fly out, F7 (Flyball, 7D, EV 98.8 MPH)
Batting: SHB Britt Clark 0-0: Called Strike
0-1: Ball
1-1: Ball
2-1: Ball
3-1: Called Strike
3-2: Strikes out swinging
Batting: RHB Matthew Hirt 0-0: Foul Ball, location: 2F
0-1: Swinging Strike
0-2: Ball
1-2: Foul Ball, location: 9LDF
1-2: Reached on error, E1 (Groundball, 15S, EV 75.6 MPH)
Batting: RHB Sooner Johnson 0-0: Swinging Strike
0-1: Ball
1-1: Hit by Pitch
Batting: RHB Morrison Kinney 0-0: Ball
1-0: Fielders Choice at 2nd, 6-4 (Groundball, 6, EV 80.0 MPH)
Bottom of the 2nd over - 0 runs, 0 hits, 1 error, 2 left on base; Frisco 2 - Corpus Christi 0
TOP OF THE 3RD
Frisco RoughRiders batting - Pitching for Corpus Christi Hooks : RHP Julius Mueller
Batting: RHB Kaiden Thayer 0-0: Ground out 5-3 (Groundball, 5, EV 86.3 MPH)
Batting: SHB Félix Colon 0-0: Foul Ball, location: 2F
0-1: Foul Ball, location: 3FF
0-2: Ball
1-2: Ball
2-2: SINGLE (Flyball, 9LM, EV 91.3 MPH)
Batting: RHB Logan Moceri 0-0: SINGLE (Groundball, 56D, EV 97.5 MPH)
Félix Colon to second
Batting: LHB Hui-Seong Yeo 0-0: Ball
1-0: Ball
2-0: Fielders Choice at 2nd, 4-6 (Groundball, 4, EV 83.8 MPH)
Félix Colon to third
Pitching: RHP Raphael Beaudoin
Batting: LHB Diego Roldan 0-0: Called Strike
0-1: Ball
1-1: Ground out 4-3 (Groundball, 4, EV 85.6 MPH)
Top of the 3rd over - 0 runs, 2 hits, 0 errors, 2 left on base; Frisco 2 - Corpus Christi 0
BOTTOM OF THE 3RD
Corpus Christi Hooks batting - Pitching for Frisco RoughRiders : RHP Takateru Sawai
Batting: SHB Paul Flanigan 0-0: Called Strike
0-1: Ground out 4-3 (Groundball, 4, EV 85.6 MPH)
Batting: RHB Josh Shealy 0-0: Ball
1-0: Ball
2-0: Ball
3-0: Called Strike
3-1: Fly out, F7 (Flyball, 7LD, EV 87.5 MPH)
Batting: RHB Grump Fitzpatrick 0-0: Ball
1-0: Foul Ball, location: 2F
1-1: Swinging Strike
1-2: Ball
2-2: Foul Ball, location: 2F
2-2: Ball
3-2: Fly out, F9 (Flyball, 89S, EV 80.0 MPH)
Bottom of the 3rd over - 0 runs, 0 hits, 0 errors, 0 left on base; Frisco 2 - Corpus Christi 0
TOP OF THE 4TH
Frisco RoughRiders batting - Pitching for Corpus Christi Hooks : RHP Raphael Beaudoin
Batting: SHB Nick Gargano 0-0: Called Strike
0-1: Ball
1-1: Foul Ball, location: 23F
1-2: Strikes out swinging
Batting: RHB Andy Paredese 0-0: Fly out, F7 (Flyball, 78M, EV 97.5 MPH)
Batting: RHB Adrián Suárez 0-0: Called Strike
0-1: Fly out, F3 (Popup, 3F, EV 62.5 MPH)
Top of the 4th over - 0 runs, 0 hits, 0 errors, 0 left on base; Frisco 2 - Corpus Christi 0
BOTTOM OF THE 4TH
Corpus Christi Hooks batting - Pitching for Frisco RoughRiders : RHP Takateru Sawai
Batting: RHB Brandon Talty 0-0: Ball
1-0: Ball
2-0: Ball
3-0: Called Strike
3-1: Base on Balls
Batting: SHB Curt McElwee 0-0: Ball
1-0: Called Strike
1-1: Ball
2-1: Swinging Strike
2-2: Ball
3-2: DOUBLE (Flyball, 8RXD, EV 95.6 MPH)
Brandon Talty to third
Batting: SHB Britt Clark 0-0: Called Strike
0-1: Ground out 4-3 (Groundball, 13, EV 81.9 MPH)
Batting: RHB Matthew Hirt 0-0: Called Strike
0-1: SINGLE (Groundball, 4S, EV 64.4 MPH)
Brandon Talty scores
Curt McElwee to third
Batting: RHB Sooner Johnson 0-0: Ball
1-0: Foul Ball, location: 25F
1-1: Called Strike
1-2: Ball
2-2: Strikes out swinging
Batting: RHB Morrison Kinney 0-0: Ball
1-0: Foul Ball, location: 2F
1-1: Foul Ball, location: 25FF
1-2: Ball
2-2: Strikes out looking
Bottom of the 4th over - 1 run, 2 hits, 0 errors, 2 left on base; Frisco 2 - Corpus Christi 1
TOP OF THE 5TH
Frisco RoughRiders batting - Pitching for Corpus Christi Hooks : RHP Raphael Beaudoin
Batting: RHB Colten Chadwick 0-0: Ground out 6-3 (Groundball, 6, EV 81.3 MPH)
Batting: RHB Kaiden Thayer 0-0: Called Strike
0-1: Ball
1-1: Called Strike
1-2: Strikes out swinging
Batting: SHB Félix Colon 0-0: Called Strike
0-1: Ball
1-1: Fly out, F9 (Flyball, 9, EV 81.3 MPH)
Top of the 5th over - 0 runs, 0 hits, 0 errors, 0 left on base; Frisco 2 - Corpus Christi 1
BOTTOM OF THE 5TH
Corpus Christi Hooks batting - Pitching for Frisco RoughRiders : RHP Takateru Sawai
Batting: SHB Paul Flanigan 0-0: Ball
1-0: Foul Ball, location: 7LSF
1-1: Ball
2-1: Foul Ball, location: 7LMF
2-2: Strikes out looking
Batting: RHB Josh Shealy 0-0: Ball
1-0: Foul Ball, location: 23F
1-1: Ball
2-1: Ball
3-1: Swinging Strike
3-2: SINGLE (Line Drive, 9S, EV 100.0 MPH)
Batting: RHB Grump Fitzpatrick 0-0: Called Strike
0-1: DOUBLE (Line Drive, 8LD, EV 89.4 MPH)
Josh Shealy to third
Batting: RHB Brandon Talty 0-0: Called Strike
0-1: Ball
1-1: Foul Ball, location: 2F
1-2: Ball
2-2: Ball
3-2: Fly out, F4 (Popup, 34, EV 63.8 MPH)
Batting: SHB Curt McElwee 0-0: Foul Ball, location: 2F
0-1: Ball
1-1: Ground out U3 (Groundball, 3, EV 88.1 MPH)
Bottom of the 5th over - 0 runs, 2 hits, 0 errors, 2 left on base; Frisco 2 - Corpus Christi 1
TOP OF THE 6TH
Frisco RoughRiders batting - Pitching for Corpus Christi Hooks : RHP Raphael Beaudoin
Batting: RHB Logan Moceri 0-0: Foul Ball, location: 2F
0-1: Foul Ball, location: 2F
0-2: Ball
1-2: Fly out, F9 (Flyball, 89M, EV 83.8 MPH)
Batting: LHB Hui-Seong Yeo 0-0: Swinging Strike
0-1: Reached on error, E3 (Groundball, 34S, EV 81.3 MPH)
Batting: LHB Diego Roldan 0-0: Called Strike
Hui-Seong Yeo steals 2nd base
0-1: Ball
1-1: Swinging Strike
1-2: Foul Ball, location: 23FF
1-2: Strikes out swinging
Batting: SHB Nick Gargano 0-0: Ball
1-0: Ball
2-0: Called Strike
2-1: Called Strike
2-2: Ball
3-2: Strikes out looking
Top of the 6th over - 0 runs, 0 hits, 1 error, 1 left on base; Frisco 2 - Corpus Christi 1
BOTTOM OF THE 6TH
Corpus Christi Hooks batting - Pitching for Frisco RoughRiders : RHP Takateru Sawai
Batting: SHB Britt Clark 0-0: Ball
1-0: Called Strike
1-1: Ball
2-1: Ball
3-1: Base on Balls
Batting: RHB Matthew Hirt 0-0: Ball
1-0: Bunted foul
1-1: Sac Bunt to 5S - play at first, batter OUT! 5-3
Britt Clark to second
Pitching: RHP A.J. Mason
Batting: RHB Sooner Johnson 0-0: Ball
1-0: Ball
2-0: Called Strike
2-1: Ball
3-1: Base on Balls
Batting: RHB Morrison Kinney 0-0: Ball
1-0: Ball
2-0: Foul Ball, location: 2F
2-1: Ball
3-1: Fly out, F8 (Flyball, 8RM, EV 90.0 MPH)
Batting: SHB Paul Flanigan 0-0: Swinging Strike
0-1: Ball
1-1: Ground out 4-3 (Groundball, 4, EV 104.4 MPH)
Bottom of the 6th over - 0 runs, 0 hits, 0 errors, 2 left on base; Frisco 2 - Corpus Christi 1
TOP OF THE 7TH
Frisco RoughRiders batting - Pitching for Corpus Christi Hooks : RHP Raphael Beaudoin
Batting: RHB Andy Paredese 0-0: Called Strike
0-1: Ball
1-1: Ball
2-1: SINGLE (Line Drive, 34, EV 95.6 MPH)
Batting: RHB Adrián Suárez 0-0: Ball
1-0: Called Strike
1-1: Called Strike
1-2: Strikes out looking
Batting: RHB Colten Chadwick 0-0: Ball
1-0: Ball
2-0: Ball
Andy Paredese steals 2nd base
3-0: Called Strike
3-1: Foul Ball, location: 2F
3-2: Foul Ball, location: 9LMF
3-2: Foul Ball, location: 3F
3-2: Fly out, F7 (Flyball, 78M, EV 94.4 MPH)
Batting: RHB Kaiden Thayer 0-0: Foul Ball, location: 9LSF
0-1: Foul Ball, location: 3SF
0-2: Ball
1-2: Ball
2-2: Strikes out swinging
Top of the 7th over - 0 runs, 1 hit, 0 errors, 1 left on base; Frisco 2 - Corpus Christi 1
BOTTOM OF THE 7TH
Corpus Christi Hooks batting - Pitching for Frisco RoughRiders : RHP A.J. Mason
Now at 1B: Adrián Suárez
Now at 2B: Nick Gargano
Now in LF: David Morris
Batting: RHB Josh Shealy 0-0: Foul Ball, location: 2F
0-1: Called Strike
0-2: Foul Ball, location: 2F
0-2: Ball
1-2: Foul Ball, location: 5FF
1-2: Fly out, F8 (Flyball, 8RD, EV 108.1 MPH)
Batting: RHB Grump Fitzpatrick 0-0: Ball
1-0: Foul Ball, location: 2F
1-1: Ball
2-1: Foul Ball, location: 9LSF
2-2: Ball
3-2: Fly out, F3 (Popup, 3SF, EV 86.9 MPH)
Batting: RHB Brandon Talty 0-0: Ball
1-0: Ball
2-0: Ball
3-0: Base on Balls
Batting: SHB Curt McElwee 0-0: Called Strike
0-1: Fly out, F2 (Popup, 23F, EV 92.5 MPH)
Bottom of the 7th over - 0 runs, 0 hits, 0 errors, 1 left on base; Frisco 2 - Corpus Christi 1
TOP OF THE 8TH
Frisco RoughRiders batting - Pitching for Corpus Christi Hooks : RHP Raphael Beaudoin
Batting: SHB Félix Colon 0-0: Called Strike
0-1: Fly out, F8 (Flyball, 8LXD, EV 93.8 MPH)
Batting: RHB Logan Moceri 0-0: Ball
1-0: Foul Ball, location: 2F
1-1: Foul Ball, location: 3F
1-2: Ball
2-2: Foul Ball, location: 7LSF
2-2: Reached on error, E9 (Flyball, 9S, EV 98.8 MPH)
Pitching: RHP Iván Vidales
Batting: RHB David Morris 0-0: Foul Ball, location: 2F
0-1: Ball
1-1: Foul Ball, location: 2F
1-2: Ball
2-2: Foul Ball, location: 9LDF
2-2: Grounds into double play, 6-4-3 (Groundball, 6, EV 100.0 MPH)
Top of the 8th over - 0 runs, 0 hits, 1 error, 0 left on base; Frisco 2 - Corpus Christi 1
BOTTOM OF THE 8TH
Corpus Christi Hooks batting - Pitching for Frisco RoughRiders : RHP A.J. Mason
Batting: SHB Britt Clark 0-0: Ball
1-0: Ball
2-0: Ball
3-0: Called Strike
3-1: Foul Ball, location: 2F
3-2: Base on Balls
Batting: RHB Matthew Hirt 0-0: Called Strike
0-1: Fly out, F9 (Flyball, 89S, EV 84.4 MPH)
Pitching: RHP Harvard Fisher
Batting: RHB Sooner Johnson 0-0: Ball
1-0: Called Strike
1-1: Swinging Strike
1-2: Strikes out looking
Batting: RHB Morrison Kinney 0-0: Ball
1-0: Ball
2-0: Foul Ball, location: 7LDF
2-1: Fly out, F7 (Flyball, 7, EV 90.0 MPH)
Bottom of the 8th over - 0 runs, 0 hits, 0 errors, 1 left on base; Frisco 2 - Corpus Christi 1
TOP OF THE 9TH
Frisco RoughRiders batting - Pitching for Corpus Christi Hooks : RHP Iván Vidales
Batting: LHB Diego Roldan 0-0: Called Strike
0-1: Fly out, F7 (Flyball, 78XD, EV 93.8 MPH)
Batting: SHB Nick Gargano 0-0: Ball
1-0: Called Strike
1-1: Ground out 5-3 (Groundball, 5, EV 86.3 MPH)
Batting: RHB Andy Paredese 0-0: Ball
1-0: Swinging Strike
1-1: Called Strike
1-2: Strikes out swinging
Top of the 9th over - 0 runs, 0 hits, 0 errors, 0 left on base; Frisco 2 - Corpus Christi 1
BOTTOM OF THE 9TH
Corpus Christi Hooks batting - Pitching for Frisco RoughRiders : RHP Harvard Fisher
Pitching: LHP Ben Kessel
Batting: SHB Paul Flanigan 0-0: Ball
1-0: Ball
2-0: Foul Ball, location: 3SF
2-1: Swinging Strike
2-2: SINGLE (Groundball, 56, EV 87.5 MPH)
Batting: RHB Josh Shealy 0-0: Foul Ball, location: 25FF
0-1: Fly out, F4 (Popup, 23, EV 90.0 MPH)
Batting: RHB Grump Fitzpatrick 0-0: Swinging Strike
0-1: Ball
1-1: Foul Ball, location: 9LSF
1-2: Strikes out looking
Batting: RHB Brandon Talty 0-0: Ball
1-0: Ball
2-0: Foul Ball, location: 25FF
2-1: Called Strike
2-2: Strikes out swinging
Bottom of the 9th over - 0 runs, 1 hit, 0 errors, 1 left on base; Frisco 2 - Corpus Christi 1
Monday, April 22nd , 2024 - OOTP Baseball 24.11 Build 85